 Dungeon Sprint DCSS version 0.30-a0-1043-g60ff8d5f49 (webtiles) character file.

Game seed: 452291341293539465

0 dduke234 the Trooper (level 1, -1/39 HPs)
             Began as an Ogre Chaos Knight on Apr 10, 2023.
             Was a Plaything of Xom.
             Slain by a water moccasin (7 damage)
             ... in the Dungeon (Sprint VI: "Thunderdome").
             The game lasted 00:00:30 (51 turns).

dduke234 the Trooper (Ogre Chaos Knight)              Turns: 51, Time: 00:00:32

Health: -1/39      AC:  5    Str: 15    XL:     1   Next: 20%
Magic:  1/1        EV:  9    Int: 13    God:    Xom [..*...]
Gold:   200        SH:  0    Dex:  8    Spells: 0/0 levels left

rFire   . . .      SeeInvis .    a - +0 spear (chaos)
rCold   . . .      Faith    .    (no shield)
rNeg    . . .      Spirit   .    b - +2 robe
rPois   .          Reflect  .    (helmet restricted)
rElec   .          Rampage  .    (no cloak)
rCorr   .          NoTele   +    (gloves unavailable)
Will    .....                    (boots unavailable) Stlth
                                 (no amulet)
HPRegen 0.26/turn                (no ring)
MPRegen 0.07/turn                (no ring)

@: berserking, lethally poisoned (-1 -> -18), very quick
A: large, unfitting armour, tough skin 1
a: Renounce Religion


You were in the Dungeon.
You worshipped Xom.
You were a toy of Xom.
You visited 1 branch You collected 200 gold pieces.

Inventory:

Hand Weapons
 a - a +0 spear of chaos (weapon)
Armour
 b - a +2 robe (worn)
Wands
 k - a wand of quicksilver (5)
 l - a wand of iceblast (5)
Scrolls
 i - 4 scrolls of blinking
 m - 3 scrolls of fog
Potions
 e - 4 potions of heal wounds
 f - 4 potions of haste
 g - 2 potions of magic
 j - 2 potions of resistance
Miscellaneous
 c - a piece from Xom's chessboard (15/15) (quivered)


   Skills:
 * Level 4.4 Fighting
 * Level 3.3 Polearms
 + Level 2.2 Dodging


You couldn't memorise any spells.
You didn't know any spells.
Your spell library was empty.

Dungeon Overview and Level Annotations

Branches:
Dungeon (1/1)

Altars:
Dithmenos
Fedhas
Makhleb
Qazlal
Ru
Trog
Uskayaw
Vehumet
Xom
Zin
The Shining One
Lugonu

Shops:
D *[???:(


Innate Abilities, Weirdness & Mutations

You are too large for most types of armour.
You have tough skin. (AC +1)


Message History

You feel better. The water moccasin bites you.
You are poisoned.
The water moccasin poisons you!
You closely miss the water moccasin.
The water moccasin is lightly wounded.
You feel sick. The water moccasin misses you.
You completely miss the water moccasin.
The water moccasin is lightly wounded.
You feel sick. The water moccasin barely misses you.
You puncture the water moccasin! You burn the water moccasin.
The water moccasin is heavily wounded.
You feel sick. The water moccasin bites you!
You are more poisoned.
The water moccasin poisons you!
You hit the water moccasin.
You feel better.
The water moccasin is heavily wounded.
You feel very sick. The water moccasin misses you.
You puncture the water moccasin!
The water moccasin seems to speed up.
Xom thinks this is hilarious!
The water moccasin is almost dead.
You feel very sick. The water moccasin closely misses you.
You completely miss the water moccasin.
The water moccasin is almost dead.
You feel sick. The water moccasin bites you.
You are lethally poisoned!
The water moccasin poisons you!
You barely miss the water moccasin.
The water moccasin is almost dead.
* * * LOW HITPOINT WARNING * * *
You feel very sick.
The water moccasin closely misses you. x2
You miss the water moccasin.
The water moccasin is almost dead.
* * * LOW HITPOINT WARNING * * *
You feel very sick. The water moccasin bites you!
You die...
Xom roars with laughter!

#_......._# #_......._#
#_......._#
###.........###
#⌠...........⌠#
######.8.........8.###
##.__.......###......__
###∩....S...8.# #.8......
##.......@.†...###........
#⌠..........###...###.....
#⌠..........# #.<.# .....
#⌠..........# #...# .....
##.............###........
###∩........8.# .8......
##∩.__......# ......
######.8..... ...8.#
#⌠...... ....⌠#


You could see a water moccasin (fast).

Vanquished Creatures
  A ball python (D)
1 creature vanquished.

Notes
Turn   | Place    | Note
-------+----------+-------------------------------------------
     0 | D        | dduke234 the Ogre Chaos Knight began the quest for the Orb.
     0 | D        | Reached XP level 1. HP: 24/24 MP: 1/1
     4 | D        | Found a bloodstained altar of Trog.
     4 | D        | Found a glowing golden altar of the Shining One.
     5 | D        | Found a shadowy altar of Dithmenos.
     5 | D        | Found a burning altar of Makhleb.
     5 | D        | Round 1.
     6 | D        | Found a sacrificial altar of Ru.
     6 | D        | Found a corrupted altar of Lugonu.
     7 | D        | Found a stormy altar of Qazlal.
     7 | D        | Found a hide-covered altar of Uskayaw.
     7 | D        | Found Rikhludoh's Staff Store.
     7 | D        | Found Aciat's Magic Scroll Shop.
     8 | D        | Found Tiveu's Must-Have Magic.
     8 | D        | Found Qadghann's Magic Scroll Shop.
    14 | D        | Found a blossoming altar of Fedhas.
    15 | D        | Found a glowing silver altar of Zin.
    18 | D        | Found Tikeat's Jewellery.
    18 | D        | Found Omeyx's Advanced Armour.
    19 | D        | Found a radiant altar of Vehumet.
    19 | D        | Found a shimmering altar of Xom.
    19 | D        | Found Kanut's Identification Station.
    34 | D        | Noticed a water moccasin
    43 | D        | XOM: potion effect (curing)
    51 | D        | Slain by a water moccasin

Illustrated notes

Levels and vault maps discovered:
D:        arena_sprint

Action                     || total
---------------------------++-------
  Melee: Spear             ||    13
    Use: Potion            ||     2
 Armour: Robe              ||     2
  Dodge: Dodged            ||     9

Table legend: (Time is in decaauts)
 A = Elapsed time spent in this place.
 B = Non-inter-level travel time spent in this place.
 C = Inter-level travel time spent in this place.
 D = Time resting spent in this place.
 E = Time spent auto-exploring this place.
 F = Levels seen in this place.
 G = Mean time per level.
                   A        B        C        D        E       F      G
               +--------+--------+--------+--------+--------+-----+--------+
         Total |     48 |     48 |      0 |      0 |      0 |   1 |   48.0 |
       Dungeon |     48 |     48 |      0 |      0 |      0 |   1 |   48.0 |
               +--------+--------+--------+--------+--------+-----+--------+

Top non-repeatable levels by time:
       D: 48 daAuts
